 Dungeon Crawl Stone Soup version 0.30-a0-1123-gabc949cf19 (webtiles) character file.

Game seed: 4327132549767285249

155 themarg the Chiller (level 5, -4/35 HPs)
             Began as a Merfolk Ice Elementalist on Apr 22, 2023.
             Was an Initiate of Ashenzari.
             Slain by a sky beast (5 damage)
             ... on level 4 of the Dungeon.
             The game lasted 00:09:23 (3707 turns).

themarg the Chiller (Merfolk Ice Elementalist)      Turns: 3707, Time: 00:09:24

Health: -4/35      AC:  2    Str:  8    XL:     5   Next: 37%
Magic:  4/9        EV: 13    Int: 16    God:    Ashenzari [......]
Gold:   163        SH:  0    Dex: 15    Spells: 6/10 levels left

rFire   . . .        f - +0 dagger
rCold   . . .        (no shield)
rNeg    . . .        a - +0 robe of Ashenzari's Gnosis {Fort, Cun} (curse)
rPois   .            (no helmet)
rElec   .            (no cloak)
rCorr   .            (no gloves)
SInv    .            (no boots)
Will    .....        (no amulet)
Stlth   ++           (no ring)
HPRegen 0.25/turn    (no ring)
MPRegen 0.11/turn

%: no passive effects
@: no status effects
A: (nimble swimmer 2), mertail
a: Renounce Religion, Shatter the Chains


You were on level 4 of the Dungeon.
You worshipped Ashenzari.
Ashenzari was noncommittal.
You visited 1 branch of the dungeon, and saw 4 of its levels.

You collected 163 gold pieces.

Inventory:

Hand Weapons
 f - a +0 dagger (weapon)
Missiles
 j - 35 stones
 s - a throwing net
Armour
 a - the cursed +0 robe of Ashenzari's Gnosis (worn) {Fort, Cun}

   It has a curse which improves the following skills: Fortitude: Armour and
   Shields.
   Cunning:   Dodging and Stealth.
 q - the +2 leather armour of Quptoore {Stlth+}
   (You found it on level 2 of the Dungeon)

   Stlth:     It makes you more stealthy.
Wands
 w - a wand of flame (18)
 y - a wand of charming (7)
Scrolls
 c - a scroll of amnesia {unknown}
 e - 2 scrolls of enchant weapon {unknown}
 i - a scroll of fog {unknown}
 k - a scroll of immolation {unknown}
 l - a scroll of magic mapping {unknown}
 m - 2 scrolls of blinking {unknown}
 n - 2 scrolls of identify {unknown}
 o - 4 scrolls of teleportation
 r - a scroll of enchant armour {unknown}
 t - a scroll of fear {unknown}
Potions
 b - a potion of magic
 d - 4 potions of curing {unknown}
 g - 3 potions of invisibility {unknown}
 h - a potion of haste {unknown}
 p - a potion of resistance {unknown}
 u - a potion of lignification {unknown}
 v - a potion of attraction {unknown}
 x - a potion of might {unknown}
 z - a potion of degeneration {unknown}


   Skills:
 - Level 2.6(3.0) Dodging
 - Level 3.0(3.3) Stealth
 - Level 3.0 Spellcasting
 * Level 6.2 Ice Magic


You had 6 spell levels left.
You knew the following spells:

 Your Spells              Type           Power      Damage    Failure   Level
a - Freeze                Ice            88%        1d9       1%          1
b - Frozen Ramparts       Ice            44%        1d7       4%          3

Your spell library contained the following spells:

 Spells                   Type           Power      Damage    Failure   Level
 Ozocubu's Armour         Ice            22%        N/A       4%          3
 Magic Dart               Conj           8%         1d3       19%         1
 Slow                     Hex            8%         N/A       19%         1
 Searing Ray              Conj           4%         2d4       28%         2
 Summon Ice Beast         Ice/Summ       12%        N/A       45%         4
 Confusing Touch          Hex            2%         N/A       50%         3
 Vampiric Draining        Necr           2%         2d6       50%         3
 Metabolic Englaciation   Hex/Ice        6%         N/A       82%         5
 Dispel Undead            Necr           2%         3d7       88%         4
 Fulminant Prism          Conj/Hex       1%         3d5       88%         4
 Infestation              Necr           1%         N/A       100%        8


Dungeon Overview and Level Annotations

Branches:
Dungeon (4/15)
 Temple: D:4-7

Altars:
Ashenzari
Cheibriados
Gozag
Uskayaw


Innate Abilities, Weirdness & Mutations

((You are very nimble when in or above water. (Stealth+, EV+, Speed+++)))
Your lower body shifts to a powerful aquatic tail in water.


Message History

A ball python comes into view.
Found a spear.
A sky beast comes into view.
Found a sapphire potion and 4 stones.
A bullfrog comes into view.
Ashenzari invites you to partake of a vision and a curse of fortitude and cunning.
Your +0 robe glows black for a moment.
You see here a sapphire potion.
d - 4 sapphire potions (gained 1)
You open the door.
There is an open door here.
Casting: Frozen Ramparts (dangerous; 4% risk of failure)
Press: ? - help, Dir - look around, f - activate The walls around you are covered in ice.
The ball python hisses angrily.
The sky beast flickers out of sight!
Deactivating autopickup; reactivate with Ctrl-A.
The wall freezes something.
The wall freezes the ball python.
The ball python seems to slow down.
The wall freezes something.
Something hits you. Something shocks you.
The wall freezes the ball python.
You kill the ball python!
The wall freezes something.
Something hits you. Something shocks you.
Okay, then.
Aiming: Freeze (safe; 1% risk of failure)
Press: ? - help, Shift-Dir - straight line You freeze something!
The wall freezes something.
Something hits you. Something shocks you.
Aiming: Freeze (safe; 1% risk of failure)
Press: ? - help, Shift-Dir - straight line You freeze something.
The frozen ramparts melt away.
Something hits you.
* * * LOW HITPOINT WARNING * * *
Something shocks you.
* * * LOW HITPOINT WARNING * * *
Aiming: Throw Flame
Press: ? - help, Shift-Dir - straight line Something hits you.
* * * LOW HITPOINT WARNING * * *
Something shocks you.
You die...

.##.##..................
.##.##..................
.##.##.........#'###....
.##.##.........#.# ...
## ..########...# . ...
##..## #.. ... #...# ...
.. ##..## ^.♣
#@..#..P♣P.
#######'#..>..PP.
.......†.........
.........#####...
.........# .. .........#
......)..# ..........
......(..#


There were no monsters in sight!

Vanquished Creatures
  A howler monkey (D:4)
  Terence (D:3)
  3 adders
  2 dart slugs
  An orc (D:3)
  8 endoplasms
  4 goblins
  3 hobgoblins
  5 jackals (D:2)
  3 quokkas
  9 ball pythons
  2 bats (D:2)
  A frilled lizard (D:1)
  9 kobolds
  4 rats
56 creatures vanquished.

Notes
Turn   | Place    | Note
-------+----------+-------------------------------------------
     0 | D:1      | themarg the Merfolk Ice Elementalist began the quest for
                  | the Orb.
     0 | D:1      | Reached XP level 1. HP: 13/13 MP: 3/3
   275 | D:1      | Reached XP level 2. HP: 19/19 MP: 1/5
  1206 | D:2      | Reached XP level 3. HP: 24/24 MP: 4/6
  1210 | D:2      | Learned a level 3 spell: Frozen Ramparts
  1487 | D:2      | Identified the +2 leather armour of Quptoore {Stlth+}
  1736 | D:2      | Got the Grimoire of Charnel Execration
  1804 | D:2      | Found a hide-covered altar of Uskayaw.
  2126 | D:2      | Reached skill level 5 in Ice Magic
  2522 | D:3      | Found a broken altar of Ashenzari.
  2543 | D:3      | Became a worshipper of Ashenzari the Shackled
  2726 | D:3      | Found a snail-covered altar of Cheibriados.
  2734 | D:3      | Reached XP level 4. HP: 30/30 MP: 2/8
  3009 | D:3      | Found a faded altar of an unknown god.
  3105 | D:3      | Noticed Terence
  3109 | D:3      | Killed Terence
  3397 | D:4      | Reached skill level 6 in Ice Magic
  3397 | D:4      | Reached XP level 5. HP: 33/35 MP: 3/9
  3519 | D:4      | Found an opulent altar of Gozag.
  3685 | D:4      | Noticed a sky beast
  3707 | D:4      | HP: 1/35 [something (3)]
  3707 | D:4      | Slain by a sky beast

Illustrated notes

Levels and vault maps discovered:
D:1:      dpeg_arrival_tiny_a, layout_basic, interstate_on_off, minivault_11,
          chequers_serial_rivers_micro_d, st_stairs_11, serial_bayou_crossing
D:2:      layout_loops_ring, basic_altar, serial_rivers,
          chequers_serial_rivers_small_b, chequers_serial_rivers_large_a,
          chequers_serial_rivers_room_a, chequers_serial_rivers_micro_b,
          chequers_serial_rivers_micro_b, chequers_serial_rivers_marsh
D:3:      layout_basic, lemuel_tele_altar, cheibriados_altar_1,
          dreamdust_ecumenical_altar_statues, uniq_terence
D:4:      layout_basic, makhleb_blood_cavern_becter,
          beargit_hepliaklqana_dungeon_heroes, nicolae_gozag_seed_capital,
          serial_shops, nicolae_shop_rolled_up, serial_forest,
          infiniplex_forest_lined_corner, infiniplex_forest_straight_3,
          infiniplex_forest_end_3, infiniplex_forest_clump_tiny,
          kennysheep_generic_room_8

Skill      XL: |  1  2  3  4 |
---------------+-------------+-----
Stealth        | 3 |  3.0
Ice Magic      | 5 6 |  6.2
Spellcasting   | 3 |  3.0
Dodging        | |  2.6

Action                     |  1- 3 |  4- 6 || total
---------------------------+-------+-------++-------
  Melee: Dagger            |    13 |     4 ||    17
   Cast: Freeze            |    53 |    14 ||    67
         Frozen Ramparts   |    10 |     8 ||    18
 Invoke: Curse Item        |       |     1 ||     1
  Evoke: Wand              |       |     1 ||     1
    Use: Scroll            |       |     1 ||     1
   Stab: Sleeping          |     1 |     1 ||     2
 Armour: Robe              |    10 |     2 ||    12
  Dodge: Dodged            |    31 |     3 ||    34

Table legend: (Time is in decaauts)
 A = Elapsed time spent in this place.
 B = Non-inter-level travel time spent in this place.
 C = Inter-level travel time spent in this place.
 D = Time resting spent in this place.
 E = Time spent auto-exploring this place.
 F = Levels seen in this place.
 G = Mean time per level.
                   A        B        C        D        E       F      G
               +--------+--------+--------+--------+--------+-----+--------+
         Total |   3685 |   3622 |     63 |     88 |   3021 |   4 |  921.2 |
       Dungeon |   3685 |   3622 |     63 |     88 |   3021 |   4 |  921.2 |
               +--------+--------+--------+--------+--------+-----+--------+

Top non-repeatable levels by time:
     D:2: 1365 daAuts
     D:1: 1075 daAuts
     D:3: 852 daAuts
     D:4: 392 daAuts
